 Dungeon Crawl Stone Soup version 0.19.0-24-gb05acd6 (webtiles) character file.

3226 ChaseSP the Transmogrifier (level 9, 0/36 HPs)
             Began as a Vine Stalker Transmuter on Nov 22, 2016.
             Was a Priest of Hepliaklqana.
             Slain by a fire bat (5 damage)
             ... on level 8 of the Dungeon.
             The game lasted 00:21:41 (7695 turns).

ChaseSP the Transmogrifier (VSTm)                   Turns: 7695, Time: 00:21:41

Health: 0/36       AC: 12    Str: 15    XL:     9   Next: 98%
Magic:  0/14       EV: 11    Int: 16    God:    Hepliaklqana [***...]
Gold:   609        SH:  0    Dex: 14    Spells: 4 memorised, 0 levels left

rFire  . . .     SeeInvis .       - Unarmed
rCold  + . .     Gourm    .     F - +1 ring mail {rPois}
rNeg   . . .     Faith    .     (no shield)
rPois  +         Spirit   +     m - +1 helmet {Int+3}
rElec  .         Reflect  .     (no cloak)
rCorr  .         Harm     .     l - +0 pair of gloves
MR     +....     Clarity  +     r - +2 pair of boots
Stlth  ++........               (no amulet)
                                (no ring)
                                (no ring)

@: about to teleport
A: reduced essence, fangs 3, blurry vision 1, clarity, clumsy 1, cold resistance
1, regeneration 1, magic shield, antimagic bite, no device heal 3, rot immunity
a: Recall Ancestor, Ancestor Identity, Transference, Renounce Religion


You were on level 8 of the Dungeon.
You worshipped Hepliaklqana.
Hepliaklqana was most pleased with you.
You were very hungry.

You visited 1 branch of the dungeon, and saw 8 of its levels.
You also visited: Ossuary.

You collected 609 gold pieces.

Inventory:

Missiles
 a - 88 arrows
Armour
 l - a +0 pair of gloves (worn)
 m - a +1 helmet of intelligence (worn)
 r - a +2 pair of boots (worn)
 F - a +1 ring mail of poison resistance (worn)
Jewellery
 k - an uncursed ring of fire {unknown}
Wands
 o - a wand of acid (6/15)
 B - a wand of confusion (19/48)
 C - a wand of teleportation (4/9)
Scrolls
 b - 3 scrolls of identify
 e - 2 scrolls of enchant weapon
 h - a scroll of magic mapping
 j - 2 scrolls of remove curse
 p - 5 scrolls of fog
 t - a scroll of vulnerability {unknown}
 u - a scroll of fear {unknown}
 y - a scroll of amnesia
Potions
 f - a potion of resistance
 i - 3 potions of curing
 n - a potion of berserk rage
 q - 3 potions of might
 s - a potion of invisibility {unknown}
 v - a potion of lignification {unknown}
 w - a potion of brilliance {unknown}
 x - a potion of heal wounds {unknown}
 A - a potion of cancellation {unknown}
 G - a potion of cure mutation
 H - a potion of flight {unknown}
 I - 2 potions of degeneration {unknown}
 J - a potion of agility {unknown}
 M - a potion of haste {unknown}
Books
 c - a book of Changes

   Spells                             Type                      Level
   a - Beastly Appendage              Transmutation                1
   b - Sticks to Snakes               Transmutation                2
   c - Spider Form                    Transmutation/Poison         3
   d - Ice Form                       Ice/Transmutation            4
   e - Blade Hands                    Transmutation                5
 K - a book of Maledictions

   Spells                             Type                      Level
   a - Corona                         Hexes                        1
   b - Ensorcelled Hibernation        Hexes/Ice                    2
   c - Confuse                        Hexes                        3
   d - Tukima's Dance                 Hexes                        3
   e - Dazzling Spray                 Conjuration/Hexes            3
Comestibles
 d - 9 bread rations
 g - 4 slices of pizza
 z - 2 meat rations
 E - a beef jerky


   Skills:
 + Level 1.4 Fighting
 + Level 0.5 Armour
 + Level 1.9 Dodging
 - Level 4.2 Stealth
 * Level 8.2 Unarmed Combat
 - Level 3.0 Spellcasting
 * Level 9.6 Transmutations
 + Level 2.8 Ice Magic
 - Level 2.6 Poison Magic


You couldn't memorise any spells.
You knew the following spells:

 Your Spells              Type           Power        Failure   Level  Hunger
a - Blade Hands           Tmut           ####......   24%         5    ######.
b - Sticks to Snakes      Tmut           ####....     1%          2    ##.....
c - Spider Form           Tmut/Pois      ###.......   12%         3    ###....
d - Ice Form              Ice/Tmut       ###.....     34%         4    #####..


Dungeon Overview and Level Annotations

Branches:
Dungeon (8/15)             Temple (0/1) D:4            Lair (0/6) D:8

Altars:
Cheibriados
Hepliaklqana
Makhleb
Uskayaw
The Shining One


Innate Abilities, Weirdness & Mutations

You have razor-sharp teeth.
Your natural rate of healing is unusually fast.
When hurt, damage is shared between your health and your magic reserves.
Your bite disrupts and absorbs the magic of your enemies.
Potions and wands cannot restore your health.
You are immune to rotting.
Your life essence is reduced. (-10% HP)
Scrolls take you a little longer to read.
You possess an exceptional clarity of mind.
You are clumsy. (Dex -2)
Your flesh is cold resistant. (rC+)


Message History

You are engulfed in flames!
The fire bat barely misses you.
The fire bat bites you but does no damage.
The fire bat barely misses you.
Really read with blurry vision while enemies are nearby? [Y]es or [N]o only, please.
Really read with blurry vision while enemies are nearby? [Y]es or [N]o only, please.
Really read with blurry vision while enemies are nearby?
You begin reading the scroll.
You continue reading the scroll.
The fire bat bites you but does no damage.
The fire bat bites you.
You are engulfed in flames!
* * * LOW HITPOINT WARNING * * *
As you read the scroll of teleportation, it crumbles to dust.
You feel strangely unstable.
Unknown command.
The fire bat closely misses you. The fire bat bites you.
* * * LOW HITPOINT WARNING * * *
You are engulfed in flames!
You die...

##.b.≈.#.......# #####
#.§§≈≈.##...##.##
#....
..§v≈≈.#..#.....# ###
#.###
.≈≈b≈.§#..h.....#
#>####.#
≈b.....#.######.#
#......# #'.# #h#
######.# #### #.# #.#
#b# #.# ###@### #.#
#.....# #.### #.#.#.#
#...# #.#.#.#
#########.# ##...#.##
#.......#.#
#........###.####.[..#
......................
#.#......###.####....#
#.#.....## #.##......#


You could see a hell hound and a fire bat.

Vanquished Creatures
  A spriggan (D:7)
  A wyvern (D:8)
  A fire bat (D:8)
  A water moccasin (D:5)
  An ice beast (D:5)
  A phantom (D:8)
  A necrophage (D:5)
  An ogre (D:4)
  2 centaurs
  A bullfrog (D:8)
  A howler monkey (D:4)
  A centaur zombie (D:6)
  A hound (D:8)
  A centaur skeleton (D:7)
  4 orc priests
  A bullfrog skeleton (D:4)
  2 orc wizards (D:6)
  An iguana (D:4)
  2 worker ants
  A killer bee zombie (D:8)
  A hound zombie (D:7)
  5 mummies (Ossuary)
  A worker ant zombie (D:5)
  7 adders
  2 river rats (D:6)
  A shadow imp (D:5)
  An ooze (D:3)
  An adder zombie (D:8)
  4 dart slugs
  8 leopard geckos
  13 orcs
  5 giant cockroaches
  4 goblins
  10 hobgoblins
  3 jackals (D:2)
  A ball python (D:3)
  4 bats
  8 frilled lizards
  A hobgoblin zombie (Ossuary)
  5 kobolds
  2 kobold zombies (Ossuary)
  2 orc zombies (Ossuary)
  A quokka skeleton (D:8)
  A quokka zombie (D:7)
  6 rats
  A rat zombie (D:7)
124 creatures vanquished.

Vanquished Creatures (collateral kills)
  2 hippogriffs
  A fire bat (D:8)
  An orc warrior (D:8)
  2 ogres
  A bullfrog (D:7)
  A water moccasin zombie (D:6)
  2 scorpions
  A jelly (D:7)
  2 howler monkeys
  2 crimson imps
  A bullfrog zombie (D:8)
  3 orc wizards (D:6)
  3 mummies (Ossuary)
  5 adders
  2 worms
  4 orcs
  A giant cockroach (D:3)
  A quokka (D:7)
  A gnoll zombie (Ossuary)
  A kobold zombie (Ossuary)
  An orc zombie (Ossuary)
  A quokka skeleton (D:4)
  A quokka zombie (D:6)
  A rat (D:3)
41 creatures vanquished.

Vanquished Creatures (others)
  2 battlemagi (D:8)
  2 ancestors
4 creatures vanquished.

Grand Total: 169 creatures vanquished

Notes
Turn   | Place    | Note
-------+----------+-------------------------------------------
     0 | D:1      | ChaseSP the Vine Stalker Transmuter began the quest for the Orb.
     0 | D:1      | Reached XP level 1. HP: 9/9 MP: 4/4
   251 | D:1      | Reached XP level 2. HP: 14/14 MP: 6/6
   258 | D:1      | Learned a level 2 spell: Sticks to Snakes
   384 | D:1      | Reached skill level 3 in Transmutations
   864 | D:2      | Found a glowing golden altar of the Shining One.
   889 | D:2      | Reached XP level 3. HP: 17/17 MP: 7/7
   897 | D:2      | Learned a level 3 spell: Spider Form
   973 | D:2      | Reached skill level 1 in Poison Magic
  1645 | D:2      | Gained mutation: Your natural rate of healing is unusually fast. [Vine Stalker growth]
  1645 | D:2      | Reached XP level 4. HP: 14/21 MP: 6/8
  2103 | D:3      | Found a hazy altar of Hepliaklqana.
  2122 | D:3      | Became a worshipper of Hepliaklqana the Forgotten
  2199 | D:3      | Found a hide-covered altar of Uskayaw.
  2406 | D:3      | Reached skill level 4 in Transmutations
  2944 | D:3      | Reached XP level 5. HP: 22/22 MP: 9/9
  3111 | D:4      | Reached * piety under Hepliaklqana
  3174 | D:4      | Found a staircase to the Ecumenical Temple.
  3231 | D:4      | Noticed a hippogriff
  3264 | D:4      | Reached skill level 1 in Stealth
  3265 | D:4      | Noticed an ogre
  3267 | D:4      | Reached XP level 6. HP: 14/26 MP: 2/10
  3433 | D:4      | Killed a hippogriff
  3433 | D:4      | Reached skill level 5 in Transmutations
  3433 | D:4      | Reached XP level 7. HP: 18/28 MP: 4/11
  3791 | D:4      | Reached skill level 5 in Unarmed Combat
  3953 | D:5      | Entered Level 5 of the Dungeon
  4234 | D:5      | Gained mutation: You have razor-sharp teeth. [Vine Stalker growth]
  4234 | D:5      | Reached XP level 8. HP: 33/33 MP: 8/12
  4250 | D:5      | Gained mutation: You are clumsy. (Dex -2) [potion of mutation]
  4250 | D:5      | Gained mutation: Scrolls take you a little longer to read. [potion of mutation]
  4665 | D:6      | Reached skill level 6 in Transmutations
  4743 | D:6      | Reached ** piety under Hepliaklqana
  4744 | D:6      | Remembered your ancestor Gaius as a battlemage
  5052 | D:6      | Reached skill level 7 in Transmutations
  5065 | D:6      | Noticed a hippogriff
  5073 | D:6      | Killed a hippogriff
  5239 | D:6      | Learned a level 5 spell: Blade Hands
  5339 | D:6      | Reached skill level 8 in Transmutations
  5339 | D:6      | Reached XP level 9. HP: 35/36 MP: 13/13
  5708 | D:7      | Found a sand-covered staircase.
  5728 | Ossuary  | Entered an ossuary
  5916 | Ossuary  | Gained mutation: Your flesh is cold resistant. (rC+) [potion of mutation]
  5916 | Ossuary  | Gained mutation: You possess an exceptional clarity of mind. [potion of mutation]
  6195 | D:7      | Reached *** piety under Hepliaklqana
  6401 | D:7      | Learned a level 4 spell: Ice Form
  6526 | D:7      | Reached skill level 1 in Ice Magic
  6902 | D:8      | Reached skill level 9 in Transmutations
  7072 | D:8      | Found a staircase to the Lair.
  7294 | D:8      | Reached skill level 1 in Fighting
  7425 | D:8      | Found a snail-covered altar of Cheibriados.
  7425 | D:8      | Found a burning altar of Makhleb.
  7695 | D:8      | Slain by a fire bat

Skill      XL: |  1  2  3  4  5  6  7  8  9 |
---------------+----------------------------+-----
Transmutations | 3 4 5 8 9 |  9.6
Poison Magic   | 1 2 |  2.6
Stealth        | 1 3 4 |  4.2
Unarmed Combat | 4 5 7 8 |  8.2
Spellcasting   | 3 |  3.0
Ice Magic      | 2 |  2.8
Fighting       | 1 |  1.4
Armour         | |  0.5
Dodging        | |  1.9

Action                   |  1- 3 |  4- 6 |  7- 9 || total
-------------------------+-------+-------+-------++-------
Melee: Unarmed           |   105 |   140 |   305 ||   550
       Bite              |    26 |    39 |    77 ||   142
       Punch             |     2 |     1 |     7 ||    10
       Kick              |     4 |       |       ||     4
 Cast: Beastly Appendage |     2 |       |       ||     2
       Spider Form       |       |     2 |     5 ||     7
       Blade Hands       |       |       |     1 ||     1
Invok: Recall Ancestor   |       |       |     1 ||     1
       Ancestor Life: Ba |       |       |     1 ||     1
  Use: Scroll            |     1 |     4 |    14 ||    19
       Potion            |       |       |     2 ||     2
 Stab: Sleeping          |     1 |       |     7 ||     8
       Distracted        |       |     1 |     2 ||     3
  Eat: Chunk             |     2 |     6 |    14 ||    22
Armor: Ring mail         |    24 |    51 |   104 ||   179
       Skin              |       |       |     3 ||     3
Dodge: Dodged            |    68 |    66 |   157 ||   291
